 Dungeon Crawl Stone Soup version 0.30.1-11-g7821555f0a (webtiles) character file.

Game seed: 3718472732918895070

609 Martska the Trooper (level 7, -2/56 HPs)
             Began as a Demonspawn Fighter on Dec 13, 2023.
             Slain by an ogre
             ... wielding a +0 giant club
              (9 damage)
             ... on level 5 of the Dungeon.
             The game lasted 00:04:00 (4519 turns).

Martska the Trooper (Demonspawn Fighter)            Turns: 4519, Time: 00:04:00

Health: -2/56      AC: 11    Str: 19    XL:     7   Next: 19%
Magic:  7/7        EV: 12    Int:  9    God:
Gold:   294        SH:  5    Dex: 12    Spells: 6/6 levels left

rFire   . . .        E - +2 hand axe (freeze)
rCold   . . .        c - +0 buckler
rNeg    . . .        b - +0 scale mail
rPois   .            (no helmet)
rElec   .            h - +2 cloak
rCorr   .            k - +0 pair of gloves
SInv    +            (no boots)
Will    .....        (no amulet) Stlth
                     n - ring of see invisible
HPRegen 0.29/turn    (no ring)
MPRegen 0.20/turn

%: no passive effects
@: no status effects
A: hooves 1, repulsion field 1, magic regeneration
a: no special abilities


You were on level 5 of the Dungeon.
You visited 1 branch of the dungeon, and saw 5 of its levels.

You collected 294 gold pieces.

Inventory:

Hand Weapons
 a - a +0 war axe
 j - a +2 antimagic hand axe
 E - a +2 hand axe of freezing (weapon)
 F - a +2 dagger of draining
Armour
 b - a +0 scale mail (worn)
 c - a +0 buckler (worn)
 h - a +2 cloak (worn)
 k - a +0 pair of gloves (worn)
Jewellery
 n - a ring of see invisible (left hand)
 G - a ring of protection from cold
Scrolls
 e - 2 scrolls of amnesia
 f - 3 scrolls of vulnerability
 i - a scroll of fear
 l - a scroll of brand weapon {unknown}
 m - 2 scrolls of enchant armour
 o - 2 scrolls of teleportation
 p - a scroll of blinking {unknown}
 q - a scroll of silence {unknown}
 s - 2 scrolls of immolation
 w - a scroll of poison {unknown}
 x - 4 scrolls of magic mapping {unknown}
 y - a scroll of acquirement {unknown}
 D - a scroll of torment {unknown}
Potions
 d - 2 potions of might
 g - a potion of ambrosia
 r - a potion of lignification
 t - a potion of haste {unknown}
 u - a potion of flight {unknown}
 v - a potion of brilliance {unknown}
 A - 2 potions of curing {unknown}
 B - a potion of invisibility {unknown}
 C - a potion of degeneration {unknown}


   Skills:
 * Level 5.4 Fighting
 - Level 1.7 Axes
 + Level 3.9 Armour
 * Level 3.9 Dodging
 + Level 3.8 Shields


You had 6 spell levels left.
You didn't know any spells.
Your spell library contained the following spells:

 Spells                   Type           Power      Damage    Failure   Level
 Freeze                   Ice            0%         1d3       83%         1
 Frozen Ramparts          Ice            0%         1d1       99%         3
 Hailstorm                Conj/Ice       0%         3d3       99%         3
 Ozocubu's Armour         Ice            0%         N/A       99%         3
 Vhi's Electric Charge    Tloc/Air       0%         N/A       99%         3
 Arcjolt                  Conj/Air       0%         1d10      100%        5
 Plasma Beam              Fire/Air       0%         2x1d11    100%        6
 Ozocubu's Refrigeration  Ice            0%         4d7       100%        7


Dungeon Overview and Level Annotations

Branches:
Dungeon (5/15)
 Temple: D:4-7

Altars:


Innate Abilities, Weirdness & Mutations

You have large cloven feet.
You are surrounded by a mild repulsion field. (EV +2)
You regenerate magic rapidly.


Message History

No target in view!
An ogre comes into view. It is wielding a +0 giant club.
An ogre is nearby!
You see here a rat corpse.
You hit the ogre. You freeze the ogre.
The ogre is moderately wounded.
The ogre misses you.
You barely miss the ogre. Your kick misses the ogre.
The ogre is moderately wounded.
The ogre barely misses you.
You barely miss the ogre. Your kick misses the ogre.
The ogre is moderately wounded.
You closely miss the ogre. Your kick misses the ogre.
The ogre is moderately wounded.
The ogre hits you with a +0 giant club!
You slash the ogre! You freeze the ogre.
The ogre is severely wounded.
The ogre hits you with a +0 giant club!
You hit the ogre. You freeze the ogre. You kick the ogre.
The ogre is almost dead.
The ogre hits you with a +0 giant club!!
* * * LOW HITPOINT WARNING * * *
You are too injured to fight recklessly!
You are too injured to fight recklessly!
You are too injured to fight recklessly!
You are too injured to fight recklessly!
You are too injured to fight recklessly!
You are too injured to fight recklessly!
You are too injured to fight recklessly!
You are too injured to fight recklessly!
You are too injured to fight recklessly!
You are too injured to fight recklessly!
You are too injured to fight recklessly!
You are too injured to fight recklessly!
You barely miss the ogre.
The ogre is almost dead.
The ogre barely misses you.
You hear the slow rusting of a drain very nearby.
The ogre hits you with a +0 giant club!
You die...

.. . ####. . # #....
..... ##### ~ #...#
..... #.... #~#~..#
..... #.###
#~#~.O##..... #.#
#~~~~@....... #.#
#~#~..#.#.########.#
#~~~.†..# ..##....#
#~#.....# #.##.####
#~~~..#.# #.##.##.#
#~~...#.# #.##.##.###
#.#..##.####.##.##....
#...###......##.##.###
#...............##.#


You could see an ogre.

Vanquished Creatures
  An ogre (D:4)
  A scorpion (D:4)
  A hound (D:4)
  Crazy Yiuf (D:2)
  An orc priest (D:3)
  2 sleepcaps (D:4)
  An iguana (D:5)
  Natasha (thrice) (D:2)
  A river rat (D:5)
  11 adders
  2 worms (D:2)
  3 dart slugs
  6 orcs
  2 bats (D:2)
  9 endoplasms
  6 giant cockroaches
  6 goblins
  10 hobgoblins
  6 jackals
  6 quokkas
  7 ball pythons
  7 frilled lizards
  9 kobolds
  8 rats
110 creatures vanquished.

Notes
Turn   | Place    | Note
-------+----------+-------------------------------------------
     0 | D:1      | Martska the Demonspawn Fighter began the quest for the Orb.
     0 | D:1      | Reached XP level 1. HP: 18/18 MP: 1/1
   187 | D:1      | Gained mutation: You are surrounded by a mild repulsion
                  | field. (EV +2) [demonic ancestry]
   187 | D:1      | Reached XP level 2. HP: 22/24 MP: 2/2
   232 | D:1      | Reached skill level 1 in Dodging
   668 | D:2      | Reached XP level 3. HP: 24/29 MP: 1/3
   815 | D:2      | Noticed Natasha
   824 | D:2      | Killed Natasha
   825 | D:2      | Gained mutation: You have large cloven feet. [demonic
                  | ancestry]
   825 | D:2      | Reached XP level 4. HP: 21/37 MP: 1/4
  1168 | D:2      | Found a runed translucent door.
  1169 | D:2      | Noticed Crazy Yiuf
  1229 | D:2      | Reached skill level 4 in Fighting
  1339 | D:2      | Noticed Natasha
  1345 | D:2      | Killed Natasha
  1569 | D:2      | Gained mutation: You regenerate magic rapidly. [demonic
                  | ancestry]
  1569 | D:2      | Reached XP level 5. HP: 42/42 MP: 1/5
  1651 | D:2      | Noticed Natasha
  1658 | D:2      | Killed Natasha
  1916 | D:2      | Killed Crazy Yiuf
  2284 | D:3      | Reached XP level 6. HP: 47/49 MP: 2/6
  3144 | D:4      | Reached skill level 5 in Fighting
  3372 | D:4      | Reached XP level 7. HP: 49/56 MP: 7/7
  4372 | D:5      | Entered Level 5 of the Dungeon
  4519 | D:5      | Slain by an ogre

Illustrated notes

Levels and vault maps discovered:
D:1:      dpeg_arrival_shelter, layout_basic
D:2:      minmay_thinvault, layout_basic, serial_bayou_pond_d,
          grunt_ministairs_12, uniq_natasha, uniq_crazy_yiuf_cottage
D:3:      layout_rooms, minmay_misc_feat_diagonals, minmay_misc_feat_enclosed
D:4:      layout_layer_cave, hellmonk_no_cap
D:5:      layout_basic, lightli_sewer_entry_pipes

Skill      XL: |  1  2  3  4  5  6 |
---------------+-------------------+-----
Dodging        | 1 2 3 |  3.9
Shields        | 3 |  3.8
Armour         | 3 |  3.9
Fighting       | 4 5 |  5.4
Axes           | |  1.7

Action                     |  1- 3 |  4- 6 |  7- 9 || total
---------------------------+-------+-------+-------++-------
  Melee: War axe           |    50 |       |       ||    50
         Hand axe          |    46 |   207 |    34 ||   287
         Kick              |       |    41 |     8 ||    49
    Use: Scroll            |       |     4 |     4 ||     8
         Potion            |       |     1 |       ||     1
 Armour: Scale mail        |    42 |    72 |     5 ||   119
  Dodge: Dodged            |    67 |   117 |    19 ||   203
  Block: Buckler           |    27 |    36 |     4 ||    67
